 Dungeon Crawl Stone Soup version 0.19.5 (webtiles) character file.

100515 Peloso the Fencer (level 15, -23/141 HPs)
             Began as a Minotaur Fighter on Mar 13, 2017.
             Was the Champion of Okawaru.
             Killed from afar by Nikola (35 damage)
             ... with a bolt of lightning
             ... on level 1 of the Snake Pit on Mar 14, 2017.
             The game lasted 01:34:31 (24210 turns).

Peloso the Fencer (Minotaur Fighter)               Turns: 24210, Time: 01:34:31

Health: -23/141    AC: 31    Str: 28    XL:     15   Next: 80%
Magic:  13/15      EV: 14    Int:  5    God:    Okawaru [******]
Gold:   2051       SH:  8    Dex:  9    Spells: 0 memorised, 14 levels left

rFire  x . .     SeeInvis .     u - +7 Screaming Sword
rCold  + + .     Gourm    .     j - +7 ice dragon scales "Geblux" {rF- rC++ Regen+ Str+4 Dex-4}
rNeg   . . .     Faith    +     P - +1 buckler {AC+3}
rPois  +         Spirit   .     v - +2 hat
rElec  .         Reflect  .     W - +1 cloak {MR+}
rCorr  +         Harm     .     M - +1 pair of gloves
MR     ++...                    (no boots)
Stlth  ..........               d - amulet of faith
                                g - ring of resist corrosion
                                p - ring of poison resistance

@: no status effects
A: retaliatory headbutt, horns 2
a: Heroism, Finesse, Renounce Religion


You were on level 1 of the Snake Pit.
You worshipped Okawaru.
Okawaru was exalted by your worship.
You were hungry.

You visited 4 branches of the dungeon, and saw 24 of its levels.
You also visited: Ossuary and Bailey.

You collected 2524 gold pieces.
You spent 473 gold pieces at shops.

Inventory:

Hand Weapons
 t - the +6 demon blade "Ohuytow" {pain, rElec rF+++ Str-2 Stlth+}
   (Okawaru gifted it to you on level 3 of the Lair of Beasts)

   In the hands of one skilled in necromantic magic, it inflicts extra damage on
   living creatures.
   It affects your strength (-2).
   It renders you almost immune to fire.
   It insulates you from electricity.
   It makes you more stealthy.
 u - the +7 Screaming Sword (weapon)
   (Okawaru gifted it to you on level 10 of the Dungeon)
 Z - a +3 scimitar of flaming
Armour
 c - a +4 plate armour of fire resistance
 j - the +7 ice dragon scales "Geblux" (worn) {rF- rC++ Regen+ Str+4 Dex-4}
   (You took it off a goblin in a bailey)

   It affects your strength (+4).
   It affects your dexterity (-4).
   It makes you vulnerable to fire.
   It greatly protects you from cold.
   It increases your rate of regeneration.
 v - a +2 hat (worn)
 M - a +1 pair of gloves (worn)
 P - a +1 buckler of protection (worn)
 W - a +1 cloak of magic resistance (worn)
Jewellery
 d - an amulet of faith (around neck)
 g - a ring of resist corrosion (right hand)
 p - a ring of poison resistance (left hand)
 G - a +5 ring of strength
 T - a +6 ring of dexterity
Wands
 l - a wand of iceblast (11/15)
 r - a wand of teleportation (5/9)
 E - a wand of heal wounds (3/9)
Scrolls
 b - 6 scrolls of fog
 e - 4 scrolls of blinking
 h - 3 scrolls of identify
 k - 4 scrolls of recharging
 m - 10 scrolls of teleportation
 n - 4 scrolls of random uselessness {unknown}
 q - 8 scrolls of magic mapping
 s - 7 scrolls of remove curse
 C - 3 scrolls of fear {unknown}
 F - a scroll of summoning
 J - 4 scrolls of noise {unknown}
 R - a scroll of holy word {unknown}
Potions
 o - 6 potions of curing
 w - 6 potions of heal wounds
 A - 3 potions of flight
 D - 6 potions of invisibility
 K - a potion of berserk rage
 S - 5 potions of haste
 X - a potion of agility
 Y - 3 potions of might
Comestibles
 a - 4 beef jerkies
 f - 16 bread rations
 i - 12 meat rations
 N - 17 fruits
 O - 9 slices of pizza


   Skills:
 + Level 15.4 Fighting
   Level 3.7(12.1) Short Blades
 + Level 18.5(18.6) Long Blades
 + Level 13.3 Armour
 + Level 8.4 Dodging
 + Level 1.9 Stealth
 + Level 16.0 Shields
 + Level 1.6 Invocations


You had 14 spell levels left.
You didn't know any spells.

Dungeon Overview and Level Annotations

Branches:
Dungeon (15/15)            Temple (0/1) D:6            Lair (6/6) D:11
 Shoals (0/4) Lair:2        Snake (1/4) Lair:4        Slime (0/5) Lair:5
    Orc (2/2) D:12            Elf (0/3) Orc:2        Vaults (0/5) D:14
 Depths (0/5) D:15

Altars:
Ashenzari
Cheibriados
Fedhas
Gozag
Hepliaklqana
Makhleb
Okawaru
Ru
Sif Muna
Trog
Xom
Jiyva

Shops:
D:5 *   D:9 !   D:14 !   Orc:2 :}?}

Annotations:
Snake:1 Nikola


Innate Abilities, Weirdness & Mutations

You reflexively headbutt those who attack you in melee.
You have a pair of horns on your head.


Message History

You hit Nikola. You headbutt Nikola!
Nikola is almost dead.
Nikola casts a spell.
Nikola blinks!
Nikola points at you and mumbles some strange words.
The bolt of lightning hits you!
The Screaming Sword sings a hymn praising Warmaster Okawaru.
Nikola casts a spell.
You hear a mighty clap of thunder!
The lightning arc hits you!
* * * LOW HITPOINT WARNING * * *
The lightning arc grounds out.
Nikola points at you and mumbles some strange words.
The bolt of lightning hits you!
* * * LOW HITPOINT WARNING * * *
You slash Nikola!
Nikola is almost dead.
Nikola gestures at you while chanting. The bolt of lightning hits you!
You die...

######(......#
#.####### ####### #.#
+......## #.#
#.......## #.#
#.......## #.#
##.......## #.#
##.......#######.####
##.....@@'......<..#
##......###########
########


You could see Nikola.

Vanquished Creatures
  Frances (D:13)
  The ghost of forSC1ENCE the Bludgeoner, an adept GrGl of Okawaru (Lair:3)
  An orc warlord (Orc:1)
  7 dire elephants
  Josephine (D:14)
  Harold (D:11)
  The ghost of StormFighter the Severer, a journeyman MiBe of Trog (D:12)
  The ghost of flsc the Cleaver, a journeyman MiFi of Makhleb (Bailey)
  2 naga warriors (Snake:1)
  7 hydras
  A catoblepas (Lair:6)
  4 ogre magi (Orc:2)
  5 centaur warriors
  4 vault guards (D:14)
  The ghost of Rrauwl the Cleaver, a novice HOFi of Vehumet (Bailey)
  An anaconda (Lair:6)
  A death yak (Lair:6)
  A tengu warrior (D:13)
  The ghost of coier the Thaumaturge, a journeyman DEFE of Vehumet (D:12)
  An orc high priest (Orc:2)
  Nergalle (D:11)
  3 naga sharpshooters (Snake:1)
  A shock serpent (Snake:1)
  The ghost of Dexcius the Cleaver, a novice MiBe of Trog (D:7)
  A salamander mystic (Snake:1)
  A slime creature (D:14)
  An unseen horror (D:12)
  A naga ritualist (Snake:1)
  Pikel (D:5)
  4 hill giants
  An orc knight (Bailey)
  A wolf spider (D:15)
  3 mana vipers (Snake:1)
  14 ugly things
  2 salamanders
  An orc sorcerer (Orc:2)
  3 deep elf magi
  4 elephants (Lair:6)
  Joseph (D:7)
  3 manticores
  6 naga magi (Snake:1)
  7 black mambas
  Psyche (D:11)
  2 gargoyles
  10 spiny frogs
  4 komodo dragons
  7 centaur skeletons
  3 rime drakes
  A freezing wraith (D:15)
  A kobold demonologist (D:15)
  2 efreet
  5 trolls
  2 hornets
  19 blink frogs
  14 two-headed ogres
  A polar bear (Lair:6)
  7 hippogriffs
  A centaur simulacrum (D:14)
  A water elemental (D:14)
  A shadow (D:12)
  36 yaks
  4 hogs (D:7)
  2 basilisks
  5 wraiths (D:14)
  A human (D:7)
  2 hungry ghosts
  6 vampire mosquitoes
  Menkaure (D:4)
  9 nagas (Snake:1)
  5 wargs
  A soldier ant (D:13)
  10 water moccasins
  7 porcupines
  A slave (D:5)
  20 orc warriors
  2 ice beasts (D:12)
  A meliai simulacrum (D:14)
  2 phantoms
  4 sky beasts
  38 ogres
  A tengu (shapeshifter) (D:15)
  11 wolves
  The ghost of Turtleman12345 the Conjurer, an amateur DgCj (D:3)
  19 centaurs
  15 crocodiles
  3 big kobolds
  10 bullfrogs
  A wyvern zombie (D:14)
  A gnoll sergeant (D:10)
  A wyvern skeleton (D:11)
  A hornet simulacrum (D:15)
  7 scorpions
  12 killer bees (D:10)
  2 electric eels (Lair:2)
  14 wights
  2 howler monkeys
  3 bullfrog zombies
  11 crimson imps
  5 centaur zombies
  4 jellies
  2 bullfrog skeletons
  5 hounds
  11 orc priests
  2 human zombies (Ossuary)
  5 iguanas
  Jessica (D:3)
  Natasha (twice) (D:2)
  15 orc wizards
  5 hell rats (Lair:6)
  14 worker ants
  A killer bee zombie (D:7)
  A hound zombie (D:8)
  A hound skeleton (D:4)
  2 mummies (Ossuary)
  A howler monkey skeleton (D:4)
  9 gnolls
  12 adders
  5 shadow imps
  2 oozes
  An adder skeleton (D:6)
  2 adder zombies
  3 worms
  12 dart slugs
  5 leopard geckos
  71 orcs
  6 bats
  3 giant cockroaches
  11 hobgoblins
  11 jackals
  8 quokkas
  A ball python (D:5)
  5 frilled lizards
  20 goblins
  11 hobgoblin zombies (Ossuary)
  2 jackal zombies (Ossuary)
  39 kobolds
  11 kobold zombies (Ossuary)
  A leopard gecko zombie (D:7)
  5 orc zombies (Ossuary)
  7 rats
  2 rat zombies (Ossuary)
  A fungus (Lair:2)
  6 plants (Lair:6)
807 creatures vanquished.

Vanquished Creatures (others)
  A centaur (D:5)
  An ooze (D:5)
  2 bushes (Lair:6)
  A fulminant prism (D:12)
  7 fungi
  27 plants
39 creatures vanquished.

Grand Total: 846 creatures vanquished

Notes
Turn   | Place    | Note
-------+----------+-------------------------------------------
     0 | D:1      | Peloso the Minotaur Fighter began the quest for the Orb.
     0 | D:1      | Reached XP level 1. HP: 19/19 MP: 0/0
    80 | D:1      | Reached XP level 2. HP: 27/27 MP: 1/1
   688 | D:1      | Reached XP level 3. HP: 33/33 MP: 2/2
  1089 | D:2      | Found an iron altar of Okawaru.
  1095 | D:2      | Became a worshipper of Warmaster Okawaru
  1097 | D:2      | Reached skill level 3 in Long Blades
  1181 | D:2      | Found a faded altar of an unknown god.
  1181 | D:2      | Found a hazy altar of Hepliaklqana.
  1186 | D:2      | Found a faded altar of an unknown god.
  1188 | D:2      | Found a faded altar of an unknown god.
  1189 | D:2      | Found a faded altar of an unknown god.
  1238 | D:2      | Found a burning altar of Makhleb.
  1498 | D:2      | Reached XP level 4. HP: 40/40 MP: 3/3
  1519 | D:2      | Found a snail-covered altar of Cheibriados.
  1602 | D:2      | Noticed Natasha
  1611 | D:2      | Killed Natasha
  1909 | D:2      | Reached skill level 1 in Dodging
  1929 | D:2      | Noticed Natasha
  1939 | D:2      | Killed Natasha
  1939 | D:2      | Reached skill level 4 in Long Blades
  2109 | D:3      | Noticed Turtleman12345's ghost (amateur DgCj)
  2111 | D:3      | Reached XP level 5. HP: 45/47 MP: 4/4
  2120 | D:3      | Killed Turtleman12345's ghost
  2120 | D:3      | Reached * piety under Okawaru
  2253 | D:3      | Reached skill level 5 in Long Blades
  2351 | D:3      | Noticed Jessica
  2360 | D:3      | Reached XP level 6. HP: 43/53 MP: 5/5
  2614 | D:3      | Killed Jessica
  2674 | D:3      | Found a shimmering altar of Xom.
  2676 | D:3      | Found a white marble altar of Elyvilon.
  2676 | D:3      | Found a hazy altar of Hepliaklqana.
  2678 | D:3      | Found a deep blue altar of Sif Muna.
  2678 | D:3      | Found a blossoming altar of Fedhas.
  2678 | D:3      | Found an opulent altar of Gozag.
  2777 | D:3      | Found a sacrificial altar of Ru.
  2910 | D:4      | Reached skill level 5 in Armour
  2910 | D:4      | Reached skill level 5 in Shields
  2920 | D:4      | Reached ** piety under Okawaru
  2920 | D:4      | Reached skill level 5 in Fighting
  3062 | D:4      | Reached skill level 6 in Long Blades
  3106 | D:4      | Reached XP level 7. HP: 48/61 MP: 6/6
  3285 | D:4      | Noticed Menkaure
  3294 | D:4      | Killed Menkaure
  3294 | D:4      | Reached skill level 7 in Long Blades
  3817 | D:5      | Entered Level 5 of the Dungeon
  3858 | D:5      | Noticed Pikel
  3877 | D:5      | Reached *** piety under Okawaru
  3946 | D:5      | Found a deep blue altar of Sif Muna.
  4076 | D:5      | Found a sand-covered staircase.
  4081 | Ossuary  | Entered an ossuary
  4222 | Ossuary  | Reached XP level 8. HP: 44/69 MP: 7/7
  4252 | Ossuary  | Reached skill level 8 in Long Blades
  4951 | D:5      | Killed Pikel
  5060 | D:5      | Found Dul Gox's Assorted Antiques.
  5196 | D:5      | Reached **** piety under Okawaru
  5196 | D:5      | Reached skill level 9 in Long Blades
  5759 | D:6      | Reached XP level 9. HP: 42/78 MP: 8/8
  5788 | D:6      | HP: 3/78 [orc warrior/scimitar (16)]
  6027 | D:6      | Found a staircase to the Ecumenical Temple.
  6853 | D:7      | Noticed Dexcius's ghost (novice MiBe)
  7216 | D:7      | Killed Dexcius's ghost
  7216 | D:7      | Reached ***** piety under Okawaru
  7216 | D:7      | Reached skill level 10 in Long Blades
  7322 | D:7      | Noticed Joseph
  7329 | D:7      | HP: 2/79 [acid (10)]
  7340 | D:7      | Killed Joseph
  8141 | D:7      | Found a bloodstained altar of Trog.
  8486 | D:7      | Received a gift from Okawaru
  8486 | D:7      | Reached XP level 10. HP: 74/86 MP: 9/9
  8855 | D:8      | Reached skill level 11 in Long Blades
  8930 | D:8      | Reached skill level 1 in Invocations
  9195 | D:8      | Found a blossoming altar of Fedhas.
  9195 | D:8      | Found an opulent altar of Gozag.
  9453 | D:9      | Got a slimy flail
  9525 | D:9      | Reached ****** piety under Okawaru
  9646 | D:9      | Found Laru's Distillery.
  9654 | D:9      | Bought a potion of agility for 52 gold pieces
  9654 | D:9      | Bought a potion of might for 52 gold pieces
  9957 | D:10     | Entered Level 10 of the Dungeon
  9984 | D:10     | Received a gift from Okawaru
 10055 | D:10     | Reached skill level 12 in Long Blades
 10069 | D:10     | Reached skill level 10 in Shields
 10090 | D:10     | Found a flagged portal.
 10098 | Bailey   | Entered a bailey
 10106 | Bailey   | Noticed flsc's ghost (journeyman MiFi)
 10133 | Bailey   | Killed flsc's ghost
 10133 | Bailey   | Reached XP level 11. HP: 23/95 MP: 7/10
 10145 | Bailey   | Noticed an orc knight
 10158 | Bailey   | Killed an orc knight
 10161 | Bailey   | Noticed Rrauwl's ghost (novice HOFi)
 10175 | Bailey   | Killed Rrauwl's ghost
 10175 | Bailey   | Reached skill level 10 in Armour
 10490 | Bailey   | Got a jewelled great sword {venom}
 10492 | Bailey   | Got heavily runed ice dragon scales
 10522 | Bailey   | Identified the +7 ice dragon scales "Geblux" {rF- rC++ Regen+ Str+4 Dex-4} (You took it off a goblin in a bailey)
 10644 | D:10     | Reached skill level 13 in Long Blades
 10668 | D:10     | Identified the +3 flail "Vuqedgh" {antimagic, rPois rF+ rN+} (You found it on level 9 of the Dungeon)
 10765 | D:10     | Identified the cursed +1 great sword of Embarrassment {venom, Int-3 Dex+3} (You took it off a gnoll in a bailey)
 10856 | D:10     | Noticed a hill giant
 10862 | D:10     | Killed a hill giant
 10862 | D:10     | Received a gift from Okawaru
 10912 | D:10     | Noticed a green ugly thing
 10920 | D:10     | Killed a green ugly thing
 11390 | D:11     | Noticed Psyche
 11402 | D:11     | Killed Psyche
 11488 | D:11     | Found a staircase to the Lair.
 11516 | Lair:1   | Entered Level 1 of the Lair of Beasts
 11711 | Lair:1   | Reached skill level 14 in Long Blades
 11812 | Lair:1   | Received a gift from Okawaru
 11829 | Lair:1   | Got a pitted shield {god gift}
 11835 | Lair:1   | Identified the +0 shield of Space {Int+3} (Okawaru gifted it to you on level 1 of the Lair of Beasts)
 12535 | Lair:2   | Reached XP level 12. HP: 104/106 MP: 11/11
 12547 | Lair:2   | Reached skill level 10 in Fighting
 12557 | Lair:2   | Reached skill level 1 in Stealth
 12581 | Lair:2   | Noticed a seven-headed hydra
 12911 | Lair:2   | Killed a seven-headed hydra
 13248 | Lair:2   | Reached skill level 15 in Long Blades
 13312 | Lair:2   | Found a shattered altar of Ashenzari.
 13450 | Lair:2   | Found a staircase to the Shoals.
 13704 | Lair:3   | Reached skill level 1 in Short Blades
 13717 | Lair:3   | Noticed a five-headed hydra
 13728 | Lair:3   | Killed a five-headed hydra
 13728 | Lair:3   | Reached skill level 5 in Dodging
 13755 | Lair:3   | Received a gift from Okawaru
 13762 | Lair:3   | Got a pitted demon blade {god gift}
 13763 | Lair:3   | Identified the +6 demon blade "Ohuytow" {pain, rElec rF+++ Str-2 Stlth+} (Okawaru gifted it to you on level 3 of the Lair of Beasts)
 13976 | Lair:3   | Noticed forSC1ENCE's ghost (adept GrGl)
 14008 | Lair:3   | Killed forSC1ENCE's ghost
 14745 | Lair:4   | Found a staircase to the Snake Pit.
 14780 | Lair:4   | Received a gift from Okawaru
 15728 | Lair:5   | Reached XP level 13. HP: 116/116 MP: 12/12
 15944 | Lair:5   | Found a runed door.
 15944 | Lair:5   | Found a viscous altar of Jiyva.
 15947 | Lair:5   | Found a staircase to the Slime Pits.
 16353 | Lair:6   | Entered Level 6 of the Lair of Beasts
 16559 | Lair:6   | Reached skill level 16 in Long Blades
 16802 | Lair:6   | Noticed a dire elephant
 16802 | Lair:6   | Noticed a dire elephant
 16805 | Lair:6   | Noticed a dire elephant
 16812 | Lair:6   | Killed a dire elephant
 16821 | Lair:6   | Killed a dire elephant
 16824 | Lair:6   | Killed a dire elephant
 17034 | Lair:6   | Noticed a dire elephant
 17043 | Lair:6   | Killed a dire elephant
 17043 | Lair:6   | Received a gift from Okawaru
 17261 | Lair:6   | Noticed a dire elephant
 17272 | Lair:6   | Killed a dire elephant
 17436 | Lair:6   | Noticed a dire elephant
 17447 | Lair:6   | Killed a dire elephant
 18033 | D:12     | Noticed coier's ghost (journeyman DEFE)
 18038 | D:12     | Killed coier's ghost
 18107 | D:12     | Reached XP level 14. HP: 111/127 MP: 14/14
 18174 | D:12     | Noticed StormFighter's ghost (journeyman MiBe)
 18183 | D:12     | Killed StormFighter's ghost
 18483 | D:11     | Noticed Harold
 18495 | D:11     | Killed Harold
 18500 | D:11     | Noticed Nergalle
 18510 | D:11     | Killed Nergalle
 19132 | D:12     | Found a staircase to the Orcish Mines.
 19301 | D:13     | Reached skill level 17 in Long Blades
 19377 | D:13     | Noticed Frances
 19388 | D:13     | Killed Frances
 19420 | D:13     | Received a gift from Okawaru
 20268 | D:14     | Found Vofeemm's Distillery.
 20271 | D:14     | Bought a potion of heal wounds for 70 gold pieces
 20373 | D:14     | Noticed Josephine
 20385 | D:14     | Killed Josephine
 20413 | D:14     | Received a gift from Okawaru
 20509 | D:14     | Found a gate to the Vaults.
 20723 | D:15     | Entered Level 15 of the Dungeon
 20913 | D:15     | Reached skill level 15 in Shields
 20936 | D:15     | Reached XP level 15. HP: 138/138 MP: 15/15
 21041 | D:15     | Received a gift from Okawaru
 21168 | D:15     | Found a staircase to the Depths.
 21603 | Orc:1    | Entered Level 1 of the Orcish Mines
 21633 | Orc:1    | Noticed an orc warlord
 21675 | Orc:1    | Killed an orc warlord
 21760 | Orc:1    | Found a burning altar of Makhleb.
 21960 | Orc:2    | Entered Level 2 of the Orcish Mines
 22073 | Orc:2    | Found a staircase to the Elven Halls.
 22123 | Orc:1    | Reached skill level 18 in Long Blades
 22521 | Orc:2    | Received a gift from Okawaru
 22525 | Orc:2    | Got a pair of steaming gloves {god gift}
 22575 | Orc:2    | Reached skill level 15 in Fighting
 22594 | Orc:2    | Identified the +0 pair of gloves of Asimaurr {Int+4} (Okawaru gifted it to you on level 2 of the Orcish Mines)
 22666 | Orc:2    | Found Fyufecye's Gadget Emporium.
 22666 | Orc:2    | Found User's Book Boutique.
 22667 | Orc:2    | Found Ucsotits's Gadget Shop.
 22667 | Orc:2    | Found Qiehis's Magic Scroll Emporium.
 22678 | Orc:2    | Bought a scroll of enchant weapon for 112 gold pieces
 22678 | Orc:2    | Bought a scroll of identify for 30 gold pieces
 22678 | Orc:2    | Bought a scroll of identify for 30 gold pieces
 22678 | Orc:2    | Bought a scroll of teleportation for 45 gold pieces
 22678 | Orc:2    | Bought a scroll of identify for 30 gold pieces
 22678 | Orc:2    | Bought a scroll of magic mapping for 52 gold pieces
 23500 | Snake:1  | Entered Level 1 of the Snake Pit
 24185 | Snake:1  | Noticed Nikola
 24210 | Snake:1  | Killed from afar by Nikola

Skill      XL: |  1  2  3  4  5  6  7  8  9 10 11 12 13 14 15 |
---------------+----------------------------------------------+-----
Armour         | 4 5 6 7 9 10 11 12 13 | 13.3
Shields        | 4 5 7 8 10 11 12 13 15 16 | 16.0
Fighting       | 4 5 6 7 8 9 11 12 14 15 | 15.4
Long Blades    | 3 4 5 6 7 9 10 12 14 15 16 17 18 | 18.5
Dodging        | 1 2 3 4 5 6 7 8 |  8.4
Invocations    | 1 |  1.6
Stealth        | 1 |  1.9
Short Blades   | 1 3 |  3.7

Action                   |  1- 3 |  4- 6 |  7- 9 | 10-12 | 13-15 || total
-------------------------+-------+-------+-------+-------+-------++-------
Melee: Long sword        |   110 |   136 |   475 |   103 |   113 ||   937
       Headbutt          |    12 |    31 |   123 |   137 |   317 ||   620
       Scimitar          |       |       |       |   112 |    41 ||   153
       Double sword      |       |       |       |   393 |   863 ||  1256
       Falchion          |       |       |       |    13 |       ||    13
       Flail             |       |       |       |     1 |       ||     1
       Demon blade       |       |       |       |    54 |       ||    54
       Short sword       |       |       |       |    25 |    32 ||    57
Invok: Heroism           |       |       |     7 |     6 |     2 ||    15
  Use: Potion            |       |     1 |     2 |     2 |       ||     5
       Scroll            |       |       |    11 |     8 |    13 ||    32
  Eat: Chunk             |     2 |     4 |     9 |    18 |    28 ||    61
       Beef jerky        |       |     1 |     1 |     3 |       ||     5
       Meat ration       |       |       |     1 |       |       ||     1
       Fruit             |       |       |       |     3 |     1 ||     4
Armor: Scale mail        |     5 |       |       |       |       ||     5
       Chain mail        |    65 |    51 |   122 |       |       ||   238
       Plate armour      |       |       |    70 |   113 |       ||   183
       Ice dragon scales |       |       |       |   165 |   374 ||   539
Dodge: Dodged            |    25 |    36 |   118 |   237 |   416 ||   832
Block: Shield            |    54 |    65 |   245 |   382 |   389 ||  1135
       Buckler           |       |       |       |       |   166 ||   166
       Rpst.: Long sword |     6 |    15 |    30 |     2 |    18 ||    71
       Scimitar          |       |       |       |    11 |     4 ||    15
       Double sword      |       |       |       |    32 |    54 ||    86
       Falchion          |       |       |       |     1 |       ||     1
       Demon blade       |       |       |       |     4 |       ||     4
